 Dungeon Crawl Stone Soup version 0.19.4-9-g45fd643 (console) character file.

98360 Grinner the Imperceptible (level 15, -6/86 HPs)
             Began as a Spriggan Monk on Feb 16, 2017.
             Killed by the raging water
             ... invoked by a water nymph
              (33 damage)
             ... on level 2 of the Shoals on Feb 17, 2017.
             The game lasted 04:23:32 (32452 turns).

Grinner the Imperceptible (Spriggan Monk)          Turns: 32452, Time: 04:23:33

Health: -6/86      AC: 13    Str:  8    XL:     15   Next: 74%
Magic:  29/29      EV: 28    Int: 15    God:
Gold:   670        SH:  8    Dex: 23    Spells: 12 memorised, 2 levels left

rFire  . . .     SeeInvis +       - Unarmed
rCold  + . .     Gourm    +     v - +4 troll leather armour
rNeg   . . .     Faith    .     h - +0 buckler
rPois  .         Spirit   .     Z - +2 hat
rElec  .         Reflect  .     r - +2 cloak {MR+}
rCorr  .         Harm     .     (gloves unavailable)
MR     +++++                    (boots unavailable)
Stlth  +++++.....               V - amulet of Tynk {Gourm *Slow MR+++ SInv Stlth-}
                                H - ring of wizardry
                                s - ring of Hen Ytz {rC+ MR+ Stlth+}

@: about to teleport, repel missiles, very quick
A: unfitting armour, see invisible, agile 1, herbivore 3, speed 3, robust 1,
slow metabolism 2
a: no special abilities


You were on level 2 of the Shoals.
You were not hungry.

You visited 6 branches of the dungeon, and saw 27 of its levels.

You collected 2161 gold pieces.
You spent 1491 gold pieces at shops.

Inventory:

Hand Weapons
 a - a +3 dagger of draining
 b - a +4 hunting sling of flaming
 x - a +1 vampiric dagger
 Q - a +0 rapier of electrocution
Missiles
 I - 246 sling bullets
Armour
 h - a +0 buckler (worn)
 r - a +2 cloak of magic resistance (worn)
 v - a +4 troll leather armour (worn)
 Z - a +2 hat (worn)
Jewellery
 g - an uncursed ring of poison resistance
 s - the ring of Hen Ytz (left hand) {rC+ MR+ Stlth+}
   (You bought it in a shop on level 2 of the Orcish Mines)

   [ring of stealth]

   It protects you from cold.
   It affects your resistance to hostile enchantments.
   It makes you more stealthy.
 u - a cursed -2 ring of evasion
 H - a ring of wizardry (right hand)
 T - the amulet of Hiesosiz {+Rage Dex+2}
   (You found it on level 6 of the Lair of Beasts)

   [amulet of rage]

   It affects your dexterity (+2).
   It lets you go berserk.
 V - the amulet of Tynk (around neck) {Gourm *Slow MR+++ SInv Stlth-}
   (You found it on level 6 of the Lair of Beasts)

   [amulet of the gourmand]

   It allows you to eat raw meat even when not hungry.
   It affects your resistance to hostile enchantments.
   It lets you see invisible.
   It may slow you when you take damage.
   It makes you less stealthy.
 W - an uncursed amulet of regeneration
 X - a +5 ring of evasion
Wands
 d - a wand of disintegration (13/24)
 j - a wand of iceblast (0/15)
 y - a wand of confusion (24/48)
 E - a wand of digging (10/24)
 G - a wand of disintegration (13/24)
 J - a wand of digging (3/24)
 M - a wand of acid (5/15)
 R - a wand of enslavement (3/24)
 U - a wand of iceblast (11/15)
 Y - a wand of disintegration (9/24)
Scrolls
 c - a scroll of enchant armour
 f - 6 scrolls of remove curse
 i - a scroll of blinking
 l - 4 scrolls of amnesia
 n - a scroll of teleportation
 o - 5 scrolls of enchant weapon
 w - a scroll of holy word
 z - 2 scrolls of magic mapping
 A - 5 scrolls of fog
 B - 2 scrolls of identify
 L - a scroll of recharging
Potions
 m - a potion of experience {unknown}
 p - 8 potions of might
 q - 3 potions of lignification
 C - 2 potions of curing
 N - a potion of cure mutation
 O - a potion of brilliance
 P - 2 potions of agility
Books
 e - a book of Power

   Spells                             Type                      Level
   a - Fulminant Prism                Conjuration/Hexes            4
   b - Iskenderun's Mystic Blast      Conjuration                  4
   c - Venom Bolt                     Conjuration/Poison           5
   d - Bolt of Magma                  Conjuration/Fire/Earth       5
   e - Iron Shot                      Conjuration/Earth            6
   f - Orb of Destruction             Conjuration                  7
   g - Spellforged Servitor           Conjuration/Summoning        7
Miscellaneous
 t - a lamp of fire
 K - a fan of gales (inert)
Comestibles
 k - 8 fruits
 D - 9 bread rations
 F - 2 royal jellies
 S - 2 slices of pizza


   Skills:
 + Level 9.5 Fighting
 - Level 13.0 Short Blades
 - Level 2.4 Slings
 - Level 11.0 Dodging
 * Level 22.8 Stealth
 * Level 4.3 Shields
 + Level 3.9 Unarmed Combat
 - Level 9.2 Spellcasting
 - Level 2.1 Conjurations
 - Level 5.8 Hexes
 - Level 3.2 Charms
 - Level 3.0 Necromancy
 - Level 7.7 Transmutations
 - Level 2.0 Fire Magic
 - Level 2.1 Ice Magic
 - Level 2.2 Air Magic
 - Level 4.4 Earth Magic


You had 2 spell levels left.
You knew the following spells:

 Your Spells              Type           Power        Failure   Level  Hunger
a - Passwall              Tmut/Erth      ####......   1%          2    None
b - Animate Skeleton      Necr           N/A          3%          1    None
c - Confuse               Hex            ###.....     2%          3    #......
d - Stone Arrow           Conj/Erth      ###...       7%          3    #......
e - Ensorcelled Hibernat  Hex/Ice        ###...       3%          2    None
f - Petrify               Tmut/Erth      ####....     7%          4    ###....
i - Inner Flame           Hex/Fire       ###.....     6%          3    #......
m - Repel Missiles        Chrm/Air       ###...       4%          2    None
r - Regeneration          Chrm/Necr      ###.......   9%          3    #......
s - Dazzling Spray        Conj/Hex       ###...       6%          3    #......
w - Tukima's Dance        Hex            ###.....     2%          3    #......
x - Confusing Touch       Hex            ###...       1%          1    None


Dungeon Overview and Level Annotations

Branches:
Dungeon (13/15)            Temple (1/1) D:4            Lair (6/6) D:9
 Shoals (4/4) Lair:2        Snake (1/4) Lair:4        Slime (0/5) Lair:5
    Orc (2/2) D:10            Elf (0/3) Orc:2
 Vaults: D:13-14

Altars:
Ashenzari
Cheibriados
Dithmenos
Elyvilon
Fedhas
Gozag
Hepliaklqana
Kikubaaqudgha
Makhleb
Nemelex Xobeh
Okawaru
Qazlal
Ru
Sif Muna
Trog
Uskayaw
Vehumet
Xom
Yredelemnul
Zin
The Shining One
Beogh

Shops:
D:4 ==?*}   D:13 ?   Orc:2 ?[!=

Annotations:
D:9 2 runed doors
Lair:5 exclusion: 5 oklob plants
Orc:1 orc knight


Innate Abilities, Weirdness & Mutations

You are very small and have problems with some larger weapons.
You are too small for most types of armour.
You have supernaturally acute eyesight. (SInv)
You are a herbivore.
You cover ground extremely quickly.
You need consume almost no food.
You are agile. (Dex +2)
You are robust. (+10% HP)


Message History

The water nymph is blown away by the wind.
* * * LOW HITPOINT WARNING * * *
Your lungs strain for air!
The water elemental barely misses you.
With effort, you pull free of the water engulfing you.
You gasp with relief as air once again reaches your lungs.
A snapping turtle comes into view.
Your surroundings suddenly seem different.
Splash!
You fall into the shallow water.
Moving in this stuff is going to be slow.
You feel better.
Your hands stop glowing.
As you read the scroll of teleportation, it crumbles to dust.
You feel strangely unstable.
A water nymph is nearby!
The water nymph shouts!
The water nymph casts a spell at you. The water swirls and strikes you!
You die...

≈≈≈≈≈≈ ≈≈≈≈≈≈≈≈.## ≈≈≈≈≈≈
≈≈≈..###..≈≈≈≈≈≈≈≈≈.## ≈≈≈≈≈ ≈
≈.......≈≈≈≈≈≈≈≈≈≈≈. ≈≈≈≈ ≈.
..≈≈≈≈≈≈≈≈≈≈≈≈≈≈(... ≈≈≈ ≈..
..≈≈≈≈≈≈≈≈≈≈≈≈≈≈≈... ≈≈≈≈ ...
.≈≈≈≈≈≈≈≈≈≈≈≈≈≈≈≈≈. ≈≈≈≈≈≈≈≈≈. ..
.≈≈≈≈≈≈≈≈≈≈≈≈≈≈≈≈≈
≈.≈≈≈≈≈≈.....#.#≈≈≈≈≈≈≈≈≈≈≈≈≈≈≈≈≈
.≈≈≈≈≈≈≈...#.)..@#
≈≈≈≈≈≈≈≈........≈≈≈≈≈≈≈≈
≈≈≈P≈≈P≈.#...≈≈≈≈≈≈#≈≈≈≈
≈≈≈P≈P≈≈....≈≈≈≈≈≈≈≈≈ ≈≈
.≈P≈≈PPP#..≈≈≈≈≈≈≈≈≈#≈
..≈..≈PP...≈≈≈≈≈≈≈≈≈≈ ≈≈
.≈.≈P≈≈P#P≈≈≈≈≈≈≈≈≈≈#≈ ≈
..≈≈≈≈≈≈§≈≈≈≈m≈≈≈≈≈≈≈≈≈
.≈≈≈≈≈≈P§#§≈≈≈≈≈≈


You could see a water nymph.

Vanquished Creatures
  Nikola (Shoals:3)
  Rupert (Lair:4)
  Polyphemus (Shoals:3)
  An orc warlord (Orc:2)
  2 entropy weavers (Lair:4)
  A dire elephant (Lair:6)
  A merfolk impaler (Shoals:4)
  5 hydras
  Fannar (Lair:2)
  The ghost of throdak the Cleaver, a journeyman DDFi of Nemelex Xobeh (Orc:2)
  3 catoblepae
  A merfolk avatar (Shoals:4)
  2 satyrs (Shoals:3)
  A queen ant (Lair:4)
  5 death yaks
  Urug (D:11)
  4 orc high priests (Orc:2)
  A sea snake (Shoals:4)
  2 unseen horrors
  2 hill giants (D:12)
  7 harpies (Shoals:3)
  A mana viper (Snake:1)
  5 orc knights
  5 orc sorcerers (Orc:2)
  6 fauns (Shoals:3)
  4 cyclopes
  5 manticores
  4 black mambas
  2 centaur zombies
  9 elephants
  Maurice (D:11)
  A water nymph (Shoals:3)
  Joseph (D:7)
  A torpor snail (Lair:5)
  3 sirens (Shoals:3)
  17 spiny frogs
  A gargoyle (D:12)
  The ghost of elan the Basher, an amateur OgBe of Trog (D:4)
  6 rime drakes
  7 komodo dragons
  3 trolls (Orc:2)
  A jumping spider (shapeshifter) (D:12)
  5 polar bears
  2 wind drakes (Lair:6)
  8 merfolk
  2 two-headed ogres (Orc:2)
  A hornet (Lair:6)
  4 snapping turtles
  15 blink frogs
  6 slime creatures (D:12)
  8 dream sheep (Shoals:3)
  13 hippogriffs
  Sigmund (D:3)
  6 wyverns
  16 yaks
  2 water elementals
  Eustachio (D:4)
  A basilisk (Lair:2)
  2 vampire mosquitoes (D:12)
  Menkaure (D:6)
  5 wargs
  6 nagas (Lair:4)
  13 soldier ants (Lair:4)
  3 swamp worms (Lair:5)
  9 water moccasins
  11 porcupines
  44 orc warriors
  A sky beast (D:7)
  2 black bears
  2 phantoms (D:5)
  4 ice beasts
  11 wolves
  4 boggarts (Lair:6)
  23 ogres
  12 crocodiles
  5 centaurs
  2 big kobolds
  A wyvern zombie (D:8)
  7 bullfrogs
  A scorpion (D:5)
  2 wyvern skeletons
  10 killer bees
  3 howler monkeys
  An electric eel (Lair:1)
  6 crimson imps
  A bullfrog zombie (D:5)
  9 hounds
  3 jellies
  3 bullfrog skeletons
  32 orc priests
  4 iguanas
  Jessica (D:3)
  Ijyb (D:2)
  24 orc wizards
  24 worker ants
  2 hound skeletons
  A worker ant zombie (D:9)
  12 gnolls
  16 adders
  An ooze (D:2)
  An adder skeleton (D:4)
  12 worms
  2 dart slugs (D:1)
  6 leopard geckos
  131 orcs
  3 bats
  A giant cockroach (D:1)
  31 goblins
  20 hobgoblins
  25 jackals
  5 quokkas
  2 ball pythons
  6 frilled lizards
  A jackal skeleton (D:5)
  15 kobolds
  A quokka skeleton (D:9)
  A quokka zombie (D:6)
  5 rats
  A plant (Lair:5)
813 creatures vanquished.

Vanquished Creatures (collateral kills)
  A merfolk avatar (Lair:6)
  A merfolk aquamancer (Shoals:3)
  A satyr (Shoals:3)
  7 harpies
  3 fauns (Shoals:3)
  A manticore (Shoals:3)
  2 elephants (Lair:6)
  2 rime drakes (Lair:6)
  A spiny frog (Lair:6)
  3 komodo dragons (Lair:6)
  2 wind drakes
  3 merfolk (Shoals:3)
  A polar bear (Lair:6)
  A hornet (Lair:6)
  A water elemental (Shoals:3)
  A swamp worm (Lair:5)
  2 water moccasins (Lair:6)
  An orc warrior (Orc:2)
  A crocodile (Lair:6)
  4 orc priests (Orc:2)
  An orc wizard (Orc:2)
  5 worms (Lair:5)
  3 orcs (Orc:2)
  4 plants
52 creatures vanquished.

Vanquished Creatures (others)
  4 dancing weapons (Orc:2)
  A soldier ant (Lair:4)
  2 orcs (Orc:2)
  10 fungi
  14 plants
31 creatures vanquished.

Grand Total: 896 creatures vanquished

Notes
Turn   | Place    | Note
-------+----------+-------------------------------------------
     0 | D:1      | Grinner the Spriggan Monk began the quest for the Orb.
     0 | D:1      | Reached XP level 1. HP: 11/11 MP: 2/2
    58 | D:1      | Reached XP level 2. HP: 10/16 MP: 3/3
   301 | D:1      | Reached skill level 4 in Stealth
   376 | D:1      | Reached XP level 3. HP: 10/19 MP: 4/4
   551 | D:2      | Reached skill level 5 in Dodging
   617 | D:2      | Reached skill level 5 in Stealth
   647 | D:2      | Found a blossoming altar of Fedhas.
   814 | D:2      | Noticed Ijyb
   855 | D:2      | Reached XP level 4. HP: 21/23 MP: 5/5
   870 | D:2      | Killed Ijyb
  1308 | D:3      | Noticed Sigmund
  1366 | D:4      | Found Asiun's Jewellery Boutique.
  1385 | D:4      | Reached skill level 6 in Stealth
  1406 | D:4      | Learned a level 2 spell: Passwall
  1571 | D:4      | Found Qenn's Jewellery Shop.
  1599 | D:4      | Noticed an ogre
  1678 | D:3      | Reached XP level 5. HP: 27/27 MP: 6/6
  1682 | D:3      | Reached skill level 1 in Spellcasting
  1694 | D:3      | Reached skill level 1 in Transmutations
  1957 | D:3      | Noticed Jessica
  1961 | D:3      | Killed Jessica
  1971 | D:3      | Killed Sigmund
  1971 | D:3      | Reached skill level 1 in Earth Magic
  1971 | D:3      | Reached XP level 6. HP: 32/32 MP: 8/10
  2159 | D:3      | Found a glowing golden altar of the Shining One.
  2322 | D:4      | Noticed Eustachio
  2329 | D:4      | Killed Eustachio
  2329 | D:4      | Reached skill level 5 in Short Blades
  2329 | D:4      | Reached skill level 7 in Stealth
  2329 | D:4      | Reached XP level 7. HP: 35/35 MP: 11/11
  2386 | D:4      | Found a staircase to the Ecumenical Temple.
  2459 | D:4      | Found Fecolit's General Store.
  2479 | D:4      | Bought a +1 cloak of magic resistance for 165 gold pieces
  2569 | D:4      | Noticed elan's ghost (amateur OgBe)
  2591 | D:4      | Found Riesh's Magic Scroll Emporium.
  2593 | D:5      | Entered Level 5 of the Dungeon
  3002 | D:5      | Reached skill level 8 in Stealth
  4034 | D:4      | Bought a scroll of teleportation for 39 gold pieces
  4041 | D:5      | Reached XP level 8. HP: 39/39 MP: 13/13
  4958 | D:5      | Learned a level 4 spell: Petrify
  5195 | D:5      | Reached skill level 9 in Stealth
  5284 | D:6      | Noticed Menkaure
  5292 | D:7      | Noticed Joseph
  5319 | D:7      | Killed Joseph
  5360 | D:7      | Reached XP level 9. HP: 36/43 MP: 16/16
  5416 | D:7      | Learned a level 1 spell: Confusing Touch
  5554 | D:7      | Reached skill level 10 in Stealth
  6014 | D:7      | Found a faded altar of an unknown god.
  6014 | D:7      | Found a white marble altar of Elyvilon.
  6019 | D:7      | Found a faded altar of an unknown god.
  6021 | D:7      | Found a faded altar of an unknown god.
  6022 | D:7      | Found a radiant altar of Vehumet.
  6063 | D:8      | Noticed a cyclops
  6069 | D:8      | Killed a cyclops
  6069 | D:8      | Reached skill level 5 in Transmutations
  6475 | D:8      | Found a burning altar of Makhleb.
  6655 | D:8      | Reached skill level 10 in Dodging
  6655 | D:8      | Reached skill level 5 in Spellcasting
  6679 | D:8      | Reached skill level 1 in Hexes
  6732 | D:8      | Reached skill level 11 in Stealth
  7268 | D:9      | Noticed an ice dragon
  7270 | D:9      | Found a runed door.
  7271 | D:9      | Noticed a fire dragon
  7273 | D:9      | Noticed an ice dragon
  7280 | D:9      | Noticed a fire dragon
  7295 | D:9      | Found a runed door.
  7412 | D:9      | Found a basalt altar of Yredelemnul.
  7426 | D:10     | Entered Level 10 of the Dungeon
  7564 | D:9      | Reached XP level 10. HP: 47/47 MP: 17/19
  7928 | D:9      | Found a staircase to the Lair.
  7961 | Lair:1   | Entered Level 1 of the Lair of Beasts
  7976 | Lair:1   | Noticed a spiny frog
  8337 | D:9      | Reached skill level 12 in Stealth
  9229 | D:10     | Noticed an unseen horror
  9268 | D:10     | Killed an unseen horror
  9268 | D:10     | Reached skill level 13 in Stealth
  9521 | D:10     | Found a staircase to the Orcish Mines.
  9645 | D:11     | Noticed Urug
 10105 | Lair:1   | Killed a spiny frog
 10105 | Lair:1   | Reached XP level 11. HP: 45/52 MP: 22/22
 10438 | Lair:2   | Reached skill level 14 in Stealth
 10712 | Lair:2   | Found a staircase to the Shoals.
 10732 | Lair:2   | Noticed Fannar
 10736 | Lair:2   | Killed Fannar
 10783 | Lair:2   | Found a frozen archway.
 10807 | Lair:2   | Reached skill level 10 in Short Blades
 10995 | Lair:2   | Reached skill level 15 in Stealth
 11152 | Lair:2   | Reached skill level 5 in Fighting
 11412 | Lair:2   | Reached skill level 16 in Stealth
 11532 | Lair:2   | Reached XP level 12. HP: 60/60 MP: 25/25
 11891 | Lair:4   | Noticed Rupert
 11893 | Lair:4   | Killed Rupert
 11893 | Lair:4   | Reached skill level 17 in Stealth
 12472 | Lair:5   | Found a staircase to the Slime Pits.
 12780 | Lair:4   | Found a staircase to the Snake Pit.
 13075 | Lair:5   | Noticed an eight-headed hydra
 13079 | Lair:5   | Killed an eight-headed hydra
 13079 | Lair:5   | Reached skill level 18 in Stealth
 13790 | Lair:3   | Noticed a six-headed hydra
 13801 | Lair:3   | Killed a six-headed hydra
 14355 | Lair:5   | Noticed a death yak
 14357 | Lair:5   | Noticed a death yak
 14376 | Lair:5   | Learned a level 2 spell: Ensorcelled Hibernation
 14552 | Lair:5   | Noticed a six-headed hydra
 14565 | Lair:5   | Killed a six-headed hydra
 14565 | Lair:5   | Reached XP level 13. HP: 67/67 MP: 24/26
 14599 | Lair:4   | Noticed an entropy weaver
 14768 | Lair:1   | Reached skill level 19 in Stealth
 15452 | Orc:1    | Entered Level 1 of the Orcish Mines
 15737 | D:11     | Learned a level 3 spell: Dazzling Spray
 15989 | D:11     | Noticed Maurice
 15997 | D:11     | Killed Maurice
 16001 | D:11     | Killed Urug
 17846 | D:4      | Found Icry's Gadget Shop.
 17855 | D:4      | Killed elan's ghost
 17855 | D:4      | Reached skill level 20 in Stealth
 18120 | D:4      | Bought a scroll of identify for 26 gold pieces
 18120 | D:4      | Bought a scroll of identify for 26 gold pieces
 18239 | Temple   | Entered the Ecumenical Temple
 18481 | D:4      | Bought an uncursed amulet of regeneration for 390 gold pieces
 18754 | D:13     | Found Udappupt's Magic Scroll Shoppe.
 19367 | D:6      | Killed Menkaure
 19431 | D:6      | Found a stormy altar of Qazlal.
 19435 | D:6      | Found a blossoming altar of Fedhas.
 19435 | D:6      | Found a shadowy altar of Dithmenos.
 19435 | D:6      | Found a hide-covered altar of Uskayaw.
 19435 | D:6      | Found a hazy altar of Hepliaklqana.
 19610 | D:6      | Found a glowing silver altar of Zin.
 19612 | D:6      | Noticed an angel
 19614 | D:6      | Found a shimmering altar of Xom.
 19749 | D:6      | Learned a level 3 spell: Inner Flame
 19753 | D:6      | Learned a level 3 spell: Stone Arrow
 20640 | Orc:2    | Entered Level 2 of the Orcish Mines
 21035 | Orc:2    | Noticed throdak's ghost (journeyman DDFi)
 21113 | Orc:2    | Killed throdak's ghost
 21273 | Orc:2    | Found a roughly hewn altar of Beogh.
 21453 | Orc:2    | Found Enoefaume's Antique Armour Emporium.
 21521 | Orc:2    | Bought a twisted robe for 188 gold pieces
 21531 | Orc:2    | Identified the +1 robe of Fedhas's Generosity {rC+ MR- Str+7} (You bought it in a shop on level 2 of the Orcish Mines)
 21624 | Orc:2    | Found Voqoduen's Magic Scroll Shoppe.
 21637 | Orc:2    | Bought a scroll of magic mapping for 63 gold pieces
 21849 | Orc:2    | Found a staircase to the Elven Halls.
 22329 | Orc:2    | Got a smoking short sword
 22330 | Orc:2    | Identified the cursed +1 short sword "Concordance" {elec, SInv} (You found it on level 2 of the Orcish Mines)
 22567 | D:6      | Learned a level 1 spell: Animate Skeleton
 22571 | D:6      | Learned a level 3 spell: Tukima's Dance
 22720 | Orc:2    | Learned a level 2 spell: Repel Missiles
 22807 | Orc:2    | Learned a level 3 spell: Regeneration
 22966 | Orc:2    | Reached skill level 5 in Hexes
 23042 | Orc:2    | Reached XP level 14. HP: 74/74 MP: 25/27
 23662 | Orc:2    | Found Tunes's Distillery.
 23717 | Orc:2    | Bought a potion of mutation for 37 gold pieces
 23717 | Orc:2    | Bought a potion of heal wounds for 75 gold pieces
 23717 | Orc:2    | Gained mutation: You are agile. (Dex +2) [potion of mutation]
 23717 | Orc:2    | Gained mutation: You are robust. (+10% HP) [potion of mutation]
 23750 | Orc:2    | Found Xogroax's Jewellery Emporium.
 23758 | Orc:2    | Noticed an orc warlord
 24194 | Orc:2    | Killed an orc warlord
 24452 | Orc:2    | Reached skill level 21 in Stealth
 24586 | Orc:2    | Found a roughly hewn altar of Beogh.
 24709 | Orc:2    | Bought the ring of Hen Ytz {rC+ MR+ Stlth+} for 482 gold pieces
 24972 | Lair:4   | Killed an entropy weaver
 25769 | Lair:4   | Noticed an entropy weaver
 26110 | Lair:4   | Reached skill level 1 in Charms
 26286 | Lair:4   | Reached skill level 1 in Necromancy
 26380 | Lair:4   | Killed an entropy weaver
 26505 | Lair:5   | Reached skill level 1 in Air Magic
 26569 | Lair:5   | Reached skill level 1 in Ice Magic
 26772 | Lair:5   | Reached skill level 1 in Slings
 27299 | Lair:6   | Entered Level 6 of the Lair of Beasts
 27481 | Lair:5   | Reached skill level 1 in Fire Magic
 28163 | Lair:6   | Reached skill level 1 in Unarmed Combat
 28163 | Lair:6   | Reached skill level 1 in Conjurations
 28742 | Lair:6   | Got a scintillating sapphire amulet
 28753 | Lair:6   | Got a glittering ruby amulet
 28755 | Lair:6   | Identified the amulet of Hiesosiz {+Rage Dex+2} (You found it on level 6 of the Lair of Beasts)
 28759 | Lair:6   | Identified the amulet of Tynk {Gourm *Slow MR+++ SInv Stlth-} (You found it on level 6 of the Lair of Beasts)
 28779 | Lair:6   | Learned a level 3 spell: Confuse
 29184 | Lair:6   | Reached XP level 15. HP: 85/85 MP: 29/29
 29346 | Snake:1  | Entered Level 1 of the Snake Pit
 29521 | Shoals:1 | Entered Level 1 of the Shoals
 29984 | Shoals:3 | Noticed a kraken
 30161 | Shoals:3 | Reached skill level 1 in Shields
 30182 | Shoals:3 | Reached skill level 22 in Stealth
 30644 | Shoals:3 | Noticed Nikola
 30723 | Shoals:3 | Killed Nikola
 30978 | Shoals:3 | Noticed Polyphemus
 30980 | Shoals:3 | Killed Polyphemus
 32082 | Shoals:4 | Entered Level 4 of the Shoals
 32452 | Shoals:2 | Killed from afar by a water nymph

Skill      XL: |  1  2  3  4  5  6  7  8  9 10 11 12 13 14 15 |
---------------+----------------------------------------------+-----
Stealth        | 4 5 6 7 8 9 11 13 16 18 20 21 22 | 22.8
Dodging        | 5 6 7 9 10 11 | 11.0
Short Blades   | 4 5 6 8 9 10 11 12 13 | 13.0
Spellcasting   | 2 3 4 5 7 8 9 |  9.2
Transmutations | 1 2 3 4 5 6 7 |  7.7
Earth Magic    | 1 2 4 |  4.4
Hexes          | 2 4 5 |  5.8
Fighting       | 3 5 7 8 9 |  9.5
Charms         | 3 |  3.2
Necromancy     | 3 |  3.0
Air Magic      | 2 |  2.2
Ice Magic      | 2 |  2.1
Slings         | 2 |  2.4
Fire Magic     | 1 2 |  2.0
Unarmed Combat | 1 3 |  3.9
Conjurations   | 1 2 |  2.1
Shields        | 4 |  4.3

Action                   |  1- 3 |  4- 6 |  7- 9 | 10-12 | 13-15 || total
-------------------------+-------+-------+-------+-------+-------++-------
Melee: Short sword       |   151 |    33 |       |    21 |       ||   205
       Dagger            |       |   100 |   717 |   690 |  1766 ||  3273
       Unarmed           |       |       |    10 |   183 |   285 ||   478
       Rapier            |       |       |       |       |    27 ||    27
       Punch             |       |       |       |       |     3 ||     3
 Fire: Hunting sling     |       |       |       |     4 |     7 ||    11
Throw: Tomahawk          |       |       |       |       |    10 ||    10
 Cast: Confusing Touch   |       |       |     7 |    99 |   129 ||   235
       Dazzling Spray    |       |       |       |       |    50 ||    50
       Inner Flame       |       |       |       |       |    25 ||    25
       Stone Arrow       |       |       |       |       |     6 ||     6
       Petrify           |       |       |       |       |     2 ||     2
       Tukima's Dance    |       |       |       |       |     8 ||     8
       Ensorcelled Hiber |       |       |       |       |     4 ||     4
       Animate Skeleton  |       |       |       |       |    72 ||    72
       Passwall          |       |       |       |       |     7 ||     7
       Repel Missiles    |       |       |       |       |     5 ||     5
       Confuse           |       |       |       |       |    12 ||    12
Evoke: Wand              |       |     5 |       |       |    16 ||    21
       Sack of spiders   |       |       |       |       |     1 ||     1
       Fan of gales      |       |       |       |       |     1 ||     1
  Use: Scroll            |       |     3 |     6 |    12 |    31 ||    52
       Potion            |       |       |       |     1 |     6 ||     7
 Stab: Sleeping          |     4 |     6 |    29 |    35 |    73 ||   147
       Distracted        |       |       |     3 |     3 |    20 ||    26
       Confused          |       |       |     6 |    65 |    93 ||   164
       Invisible         |       |       |       |       |    20 ||    20
       Petrifying        |       |       |       |       |     2 ||     2
       Petrified         |       |       |       |       |     1 ||     1
       Held in net/web   |       |       |       |       |     2 ||     2
  Eat: Bread ration      |       |       |     1 |     2 |     3 ||     6
Armor: Robe              |    17 |    28 |    48 |    40 |    23 ||   156
       Troll leather arm |       |       |       |       |   189 ||   189
Dodge: Dodged            |   146 |   188 |   511 |   614 |  1727 ||  3186
       Deflected         |       |       |       |       |    13 ||    13
Block: Buckler           |       |       |       |       |   134 ||   134
